 Dungeon Crawl Stone Soup version 0.15-a0-773-g3a4c672 (webtiles) character file.

23 4tharraofdagon the Insei (level 2, 2/21 HPs)
             Began as a Demonspawn Transmuter on May 13, 2014.
             Quit the game on Level 2 of the Dungeon.
             The game lasted 00:03:37 (509 turns).

4tharraofdagon the Insei (Demonspawn Transmuter)     Turns: 509, Time: 00:03:38

HP   2/21        AC  4     Str 10      XL: 2   Next: 72%
MP   4/4         EV 12     Int 14      God:
Gold 29          SH  0     Dex 13      Spells:  1 memorised,  4 levels left

rFire  . . .     SeeInvis .       - Unarmed
rCold  . . .     Clarity  .     c - +0 robe
rNeg   . . .     Conserve .     (no shield)
rPois  .         rCorr    .     (helmet restricted)
rElec  .         rRot     .     (no cloak)
SustAb . .       Spirit   .     (no gloves)
rMut   .         Warding  .     h - +1 pair of boots
Gourm  .         Stasis   .     (no amulet)
MR     .....                    (no ring)
                                (no ring)

@: lethally poisoned, not resistant to hostile enchantments, very unstealthy
A: antennae 1
a: no special abilities


You were on level 2 of the Dungeon.
You were not hungry.

You visited 1 branch of the dungeon, and saw 5 of its levels.

You collected 29 gold pieces.

Inventory:

Missiles
 b - 12 arrows
Armour
 c - a +0 robe (worn)
 h - a +1 pair of boots (worn)
Comestibles
 a - a bread ration
Scrolls
 e - a scroll of enchant weapon II {unknown}
 g - a scroll of amnesia {unknown}
Books
 d - a book of Changes

   Spells                             Type                      Level
   *Beastly Appendage                 Transmutation                1
   Sticks to Snakes                   Transmutation                2
   Spider Form                        Transmutation/Poison         3
   Ice Form                           Ice/Transmutation            4
   Blade Hands                        Transmutation                5


   Skills:
 + Level 1.3 Fighting
 + Level 1.9 Dodging
 * Level 3.2 Unarmed Combat
 + Level 2.1 Spellcasting
 + Level 1.9 Transmutations


You had 4 spell levels left.
You knew the following spells:

 Your Spells              Type           Power        Failure   Level  Hunger
a - Beastly Appendage     Trmt           #.....       14%         1    #......


Dungeon Overview and Level Annotations

Branches:
Dungeon (5/15)
 Temple: D:4-7

Altars:
Gozag
Xom

Shops:
D:2 *


Innate Abilities, Weirdness & Mutations

You have a pair of small antennae on your head.


Message History

The adder bites you.
You hit the adder but do no damage. The adder bites you but does no damage.
You closely miss the adder.
You feel sick. The adder closely misses you.
You barely miss the adder. The adder bites you.
* * * LOW HITPOINT WARNING * * *
You hit the adder.
The adder is moderately wounded.
* * * LOW HITPOINT WARNING * * *
You feel sick. The adder closely misses you.
The adder bites you but does no damage.
You barely miss the adder.
The adder is moderately wounded.
The adder bites you but does no damage.
You barely miss the adder.
The adder is moderately wounded.
* * * LOW HITPOINT WARNING * * *
You feel sick. The adder bites you.
* * * LOW HITPOINT WARNING * * *
Unknown command.
Are you sure you want to abandon this character and quit the game? (Confirm with "yes".)

........### .
..##......### ..
............# ....
#.##........#
.$...##.#........>###
....................#
#.......#.....###.###
...#..#.........#...#
......<.@S...####...#
..##...#............#
#............##..#
#............##..#
........#.#.......#
..#..#..#.#...... ...
#............. ....
#.......#.... .....
.###..?#...


You could see an adder.

Vanquished Creatures
  An orc (D:3)
  2 bats
  A giant cockroach (D:3)
  A goblin (D:3)
  4 hobgoblins
  2 quokkas
  A giant newt (D:2)
  2 jackals (D:2)
  4 kobolds
  An orc skeleton (D:4)
19 creatures vanquished.

Notes
Turn   | Place    | Note
--------------------------------------------------------------
     0 | D:1      | 4tharraofdagon, the Demonspawn Transmuter, began the quest for the Orb.
     0 | D:1      | Reached XP level 1. HP: 15/15 MP: 3/3
    46 | D:1      | Found a shimmering altar of Xom.
    46 | D:1      | Found a shimmering altar of Xom.
    47 | D:1      | Found a shimmering altar of Xom.
    49 | D:1      | Found a shimmering altar of Xom.
    49 | D:1      | Found a shimmering altar of Xom.
   113 | D:2      | Found Gozag's Platinum Reserve.
   118 | D:2      | Found an opulent altar of Gozag.
   186 | D:3      | Lost mutation: You have a pair of horns on your head. [demonic ancestry]
   186 | D:3      | Lost mutation: You have a pair of small horns on your head. [demonic ancestry]
   186 | D:3      | Gained mutation: You have a pair of small antennae on your head. [demonic ancestry]
   186 | D:3      | Reached XP level 2. HP: 5/21 MP: 2/4
   193 | D:3      | Noticed an ogre
   279 | D:4      | Reached skill level 3 in Unarmed Combat
   329 | D:5      | Entered Level 5 of the Dungeon
   509 | D:2      | Quit the game

Action                   || total
-------------------------++-------
Melee: Unarmed           ||   105
 Cast: Beastly Appendage ||     2
  Use: Potion            ||     3

Vault maps used:
D:1:      minmay_arrival_jagged, xom_redecorated
D:2:      led_sif_pool, grunt_decor_one_mirror, kennysheep_nondescript,
          nicolae_gozag_zags_fifth_avenue
D:3:      minitemple, minmay_misc_feat_four_crosses, roderic_roman_lattice
D:4:      first_bread, dk_noncrumbling_3, kennysheep_small_spiral, uniq_sigmund
D:5:      lemuel_doored_altar, kennysheep_generic_room_4, uniq_pikel,
          uniq_eustachio
